 Dungeon Crawl Stone Soup version 0.29.1-15-g9cfb28693d (webtiles) character file.

Game seed: 11014384706394237447

53 sampeng1 the Trooper (level 3, 33/33 HPs)
             Began as a Hill Orc Fighter on May 9, 2023.
             Was a Follower of Sif Muna.
             Quit the game on level 2 of the Dungeon.
             The game lasted 00:05:04 (1243 turns).

sampeng1 the Trooper (Hill Orc Fighter)             Turns: 1243, Time: 00:05:05

Health: 33/33      AC:  7    Str: 20    XL:     3   Next: 87%
Magic:  3/3        EV:  9    Int:  8    God:    Sif Muna [*.....]
Gold:   51         SH:  4    Dex: 10    Spells: 2/2 levels left

rFire   . . .      SeeInvis .   l - +0 hand axe (vorpal)
rCold   . . .      Faith    .   c - +0 buckler
rNeg    . . .      Spirit   .   b - +0 scale mail
rPois   .          Reflect  .   (no helmet)
rElec   .          Harm     .   (no cloak)
rCorr   .          Rampage  .   (no gloves)
Will    .....                   (no boots)
Stlth   ..........              (no amulet)
HPRegen 0.11/turn               (no ring)
MPRegen 0.08/turn               (no ring)

@: no status effects
A: no striking features
a: Renounce Religion, Channel Magic


You were on level 2 of the Dungeon.
You worshipped Sif Muna.
Sif Muna was aware of your devotion.
You visited 1 branch of the dungeon, and saw 2 of its levels.

You collected 51 gold pieces.

Inventory:

Hand Weapons
 a - a +0 war axe
 e - a +0 demon trident
 l - a +0 vorpal hand axe (weapon)
Missiles
 i - 3 poisoned darts (quivered)
Armour
 b - a +0 scale mail (worn)
 c - a +0 buckler (worn)
Scrolls
 f - a scroll of enchant armour {unknown}
 j - a scroll of butterflies {unknown}
 k - 2 scrolls of teleportation {unknown}
 m - a scroll of acquirement {unknown}
 n - a scroll of amnesia {unknown}
 o - a scroll of identify {unknown}
 q - a scroll of vulnerability {unknown}
Potions
 d - a potion of might
 g - a potion of curing {unknown}
 h - a potion of flight {unknown}
 p - a potion of resistance {unknown}


   Skills:
 + Level 4.2 Fighting
 + Level 3.5 Axes
 + Level 3.8 Armour
 + Level 3.8 Shields


You had 2 spell levels left.
You didn't know any spells.
Your spell library was empty.

Dungeon Overview and Level Annotations

Branches:
Dungeon (2/15)

Altars:
Fedhas
Sif Muna

Shops:
D:1 [


Message History

The goblin shouts!
The hobgoblin hits you but does no damage.
You hit the hobgoblin.
The hobgoblin is heavily wounded.
You hit the goblin. You block the hobgoblin's attack.
The goblin hits you but does no damage.
You barely miss the hobgoblin.
The hobgoblin is heavily wounded.
You hit the goblin.
You kill the goblin!
Sif Muna accepts your kill. The hobgoblin hits you.
You slash the hobgoblin!
You kill the hobgoblin!
Sif Muna accepts your kill.
Things that are here:
a +0 dagger; a goblin corpse
Found 3 stones.
p - a dark potion You open the door.
There is an open door here.
A kobold comes into view. It is wielding a +0 short sword.
Found 9 stones.
The kobold shouts!
The kobold throws a stone.
The stone closely misses you.
The kobold throws a stone.
The stone hits you but does no damage. The kobold hits you but does no damage.
You barely miss the kobold. The kobold hits you but does no damage.
You hit the kobold.
You kill the kobold!
Sif Muna accepts your kill.
Things that are here:
a +0 short sword; 3 stones; a kobold corpse
Found a stone staircase leading down.
There is a stone staircase leading down here.
q - a scroll labelled YFOETZ VAZADIGH You open the door.
There is an open door here.
Unknown command.
Are you sure you want to abandon this character and quit the game? (Confirm with "yes".)

#########.#.## #...........##
.............# #######+##..#
#...(..).#..##### ##.....##
#........#..#...# #...#÷...
#........#..#...# #....#.##
#........#..#...# ###........
..........#..#...# #....÷...##
##........#..#...###....._..##
####.....#..@................
####..##.#...##...#.....##
##.##.#...##..###..####
#..#.#####...# #..# #
#..#.#####.#.# #..####
#...>......#.# #..##..
#.##########.###...... #.#
#........#.# #.# #..##....#.#


There were no monsters in sight!

Vanquished Creatures
  An adder (D:2)
  A dart slug (D:1)
  6 bats
  2 endoplasms
  4 giant cockroaches
  A goblin (D:2)
  3 hobgoblins
  7 kobolds
  4 quokkas
  2 ball pythons (D:2)
  3 frilled lizards (D:1)
  5 rats
39 creatures vanquished.

Notes
Turn   | Place    | Note
-------+----------+-------------------------------------------
     0 | D:1      | sampeng1 the Hill Orc Fighter began the quest for the Orb.
     0 | D:1      | Reached XP level 1. HP: 19/19 MP: 1/1
   159 | D:1      | Reached XP level 2. HP: 27/27 MP: 2/2
   290 | D:1      | Found Vujia's Antique Armour Emporium.
   567 | D:1      | Reached skill level 4 in Fighting
   634 | D:1      | Reached XP level 3. HP: 32/33 MP: 3/3
   837 | D:2      | Found a blossoming altar of Fedhas.
  1059 | D:2      | Found a faded altar of an unknown god.
  1063 | D:2      | Prayed at the altar of an unknown god.
  1063 | D:2      | Became a worshipper of Sif Muna the Loreminder
  1063 | D:2      | Reached * piety under Sif Muna
  1243 | D:2      | Quit the game

Illustrated notes

Levels and vault maps discovered:
D:1:      dpeg_arrival_rhombus, layout_loops_cross, serial_shops, shop
D:2:      layout_basic, shapermc_ecumenical_altar_mp_highgroup, basic_altar,
          minmay_fractal_squares_gapless_5

Skill      XL: |  1  2 |
---------------+-------+-----
Axes           | 3 |  3.5
Fighting       | 4 |  4.2
Armour         | |  3.8
Shields        | |  3.8

Action                   || total
-------------------------++-------
Melee: War axe           ||    50
       Hand axe          ||    46
Armor: Scale mail        ||    57
Dodge: Dodged            ||    44
Block: Buckler           ||    22
